Map: Flooded City

Players

MonstroTown - Winner!

  • Race: Terran Terran
  • Spawn Location: 6:00

Michael - Winner!

  • Race: Zerg Zerg
  • League: Gold
  • Spawn Location: 6:00

CrazyProtoss

  • Race: Protoss Protoss
  • Spawn Location: 12:00

Thrash

  • Race: Terran Terran
  • League: Platinum
  • Spawn Location: 12:00

VOD

Have the link to the VOD?

Description

Time

  • Played on: Sept. 29, 2018, 7:46 p.m.
  • Length: 16:05
Show
View Real Time Build Order
Export as new Build Order

MonstroTown Terran - Winner!

Build Orders: MMM Bio 

Get SALT Encoding   

  12  0:00  SCV  
  13  0:13  SCV  
  14  0:18  Supply Depot  
  14  0:25  SCV  
  15  0:39  SCV  
  15  0:41  Barracks  
  16  0:51  SCV  
  17  1:04  SCV  
  18  1:09  Refinery  
  18  1:12  Refinery  
  18  1:33  Orbital Command  
  18  1:37  Marine  
  19  1:40  Barracks  
  19  1:56  Marine  
  19  1:59  SCV  
  21  2:05  Factory  
  21  2:23  SCV  
  21  2:28  Barracks Tech Lab  
  22  2:37  Command Center  
  22  2:48  Stimpack  
  22  2:49  Barracks Reactor  
  22  2:54  SCV  
  23  3:08  Factory Tech Lab  
  23  3:10  SCV  
  23  3:11  Supply Depot  
  24  3:22  Starport  
  24  3:23  SCV  
  27  3:38  Siege Tank  
  27  3:39  Marine  
  29  3:44  SCV  
  30  4:00  Starport Tech Lab  
  30  4:06  SCV  
  31  4:21  Siege Tank  
  34  4:27  Engineering Bay  
  34  4:28  Engineering Bay  
  34  4:32  Barracks  
  34  4:40  Banshee  
  37  4:52  Combat Shields  
  37  4:56  Terran Infantry Weapons Level 1  
  37  5:02  Marine x2  
  39  5:18  Siege Tank  
  39  5:19  Marauder  
  44  5:21  Barracks Reactor  
  44  5:26  SCV  
  45  5:39  Marine x2  
  47  5:47  Starport  
  47  5:51  Orbital Command  
  47  6:20  Marine x4  
  47  6:21  Marauder  
  53  6:26  Supply Depot  
  50  6:42  Marauder  
  52  6:51  SCV x2  
  54  6:55  Command Center  
  54  7:00  Medivac  
  56  7:03  SCV  
  56  7:04  SCV, Marauder  
  60  7:15  SCV  
  61  7:37  Viking  
  63  7:39  Missile Turret  
  63  7:42  Missile Turret  
  59  7:54  Marine x2  
  59  7:55  Marine x2  
  59  7:56  Marauder  
  56  8:05  Orbital Command  
  56  8:07  Viking  
  50  8:17  Marauder  
  47  8:25  Marine x3  
  50  8:37  Viking  
  45  8:54  Marine x2  
  45  8:55  Marine x3  
  50  9:11  Orbital Command  
  50  9:12  Marine  
  50  9:16  SCV  
  52  9:23  Marine x4  
  56  9:31  Marine  
  57  9:42  Marine x2  
  41  10:18  Marine x3  
  32  10:41  Marine x4  
  32  10:42  Marine  
  30  10:46  SCV  
  30  10:47  SCV  
  32  10:51  Terran Infantry Armor Level 1  
  32  10:59  Marine x5  
  32  11:01  Widow Mine  
  32  11:02  Medivac  
  38  11:16  Marine  
  38  11:17  Marine  
  37  11:31  Marine  
  37  11:32  Medivac, Marine x2  
  42  11:34  Marine  
  41  11:44  Barracks x2  
  41  11:47  SCV x3  
  38  11:48  Barracks  
  39  12:03  Armory  
  37  12:22  Marine  
  31  12:23  Marine  
  33  12:32  Marine x2  
  33  12:33  Marine  
  36  12:40  Marine x2  
  36  12:43  Barracks Tech Lab x2  
  38  12:49  Marine  
  38  12:50  Marine x3  
  42  12:58  Marine  
  40  13:03  Marine x3  
  40  13:05  Starport Tech Lab  
  44  13:09  SCV x3  
  47  13:21  SCV x2, Barracks  
  47  13:23  Barracks  
  47  13:24  Barracks x2  
  49  13:27  Barracks  
  49  13:28  Barracks  
  49  13:34  Barracks  
  49  13:37  Barracks  
  49  13:41  Marine x5  
  44  13:42  Marine x2  
  44  13:44  Siege Tank, Banshee  
  56  13:53  Marine  
  57  13:59  Marine x3  
  57  14:00  Terran Vehicle Weapons Level 1  
  60  14:03  SCV  
  60  14:04  SCV x2  
  63  14:16  SCV  
  63  14:29  Marine x2  
  63  14:30  Marine x5  
  70  14:33  Command Center  
  64  14:49  Marine x3  
  64  14:50  Marine x3  
  64  14:51  Medivac  
  72  14:54  Thor  
  72  14:56  Marine  
  72  14:57  Marine x5  
  72  14:58  Marine  
  85  15:02  Refinery  
  85  15:04  Refinery  
  85  15:05  Refinery  
  85  15:07  Refinery  
  85  15:20  Supply Depot  
  85  15:21  Supply Depot  
  85  15:23  Supply Depot x2  
  85  15:26  Marine x2  
  85  15:33  SCV  
  85  15:42  SCV, Marine x4  
  90  15:45  Marine x2  
  90  15:46  Marine x4  
  90  15:47  Marine x2  
Show
View Real Time Build Order
Export as new Build Order

Michael Zerg - Winner!

Build Orders: Hatch First 

Get SALT Encoding   

  12  0:01  Drone  
  13  0:12  Overlord  
  13  0:18  Drone  
  14  0:31  Drone x2  
  14  0:34  Drone  
  17  0:45  Drone  
  18  0:59  Hatchery  
  18  1:00  Drone  
  18  1:07  Extractor  
  17  1:17  Spawning Pool  
  16  1:19  Drone  
  16  1:22  Drone  
  18  1:33  Drone  
  19  1:40  Drone  
  20  1:49  Overlord  
  20  2:03  Queen  
  22  2:10  Queen  
  22  2:12  Metabolic Boost  
  22  2:14  Zergling x4  
  26  2:16  Zergling x2  
  27  2:23  Drone  
  28  2:36  Extractor, Roach Warren, Drone  
  27  2:37  Drone  
  28  2:49  Drone  
  28  2:50  Drone x2  
  31  2:59  Drone, Spine Crawler  
  31  3:02  Drone  
  33  3:05  Drone  
  33  3:08  Drone  
  34  3:19  Spine Crawler  
  33  3:27  Lair  
  33  3:33  Queen  
  35  3:35  Drone  
  35  3:40  Overlord  
  36  3:46  Overlord  
  36  3:53  Spore Crawler  
  35  3:56  Drone  
  35  3:58  Drone  
  35  3:59  Drone  
  35  4:01  Drone  
  39  4:24  Hatchery  
  39  4:30  Queen  
  40  4:32  Drone x3  
  40  4:34  Drone  
  44  4:42  Spore Crawler  
  44  4:45  Hydralisk Den  
  42  4:53  Drone  
  42  4:54  Drone x4  
  42  4:57  Extractor  
  42  4:58  Extractor  
  45  5:06  Burrow  
  44  5:16  Infestation Pit  
  44  5:19  Spore Crawler  
  42  5:21  Drone  
  42  5:22  Drone  
  42  5:23  Drone, Spore Crawler x2  
  42  5:28  Glial Reconstitution  
  43  5:44  Queen  
  43  5:46  Drone x5  
  43  5:48  Drone  
  51  5:51  Drone  
  51  5:52  Drone  
  51  5:54  Drone  
  54  6:06  Drone x3  
  57  6:16  Evolution Chamber  
  57  6:18  Hive  
  56  6:19  Evolution Chamber  
  55  6:27  Overlord x3  
  55  6:28  Overlord  
  55  6:45  Drone x3  
  58  6:48  Drone x11  
  69  7:00  Overseer  
  69  7:01  Overseer x2  
  69  7:04  Muscular Augments  
  69  7:06  Zerg Missile Weapons Level 1, Zerg Ground Armor Level 1  
  69  7:26  Hydralisk x8  
  69  7:28  Hydralisk  
  87  7:30  Hydralisk  
  89  7:39  Overlord  
  89  7:40  Overlord x2  
  65  8:24  Drone x4  
  65  8:25  Overseer  
  67  8:37  Overseer x2  
  67  8:38  Overlord x2  
  67  8:54  Swarm Host  
  67  8:55  Swarm Host  
  94  9:10  Spine Crawler  
  94  9:11  Hatchery, Spore Crawler  
  94  9:12  Spine Crawler  
  94  9:13  Drone x2  
  94  9:14  Hatchery, Spore Crawler  
  90  9:27  Swarm Host  
  108  10:02  Queen x3  
  108  10:06  Overlord x5  
  114  10:07  Overlord  
  98  10:31  Hydralisk x5  
  108  10:51  Hydralisk x5  
  118  11:11  Hydralisk x5  
  128  11:22  Drone x2  
  140  11:48  Hydralisk x3  
  140  11:49  Hydralisk  
  141  12:43  Hydralisk x2  
  141  12:44  Hydralisk x11  
  153  13:04  Overlord  
  153  13:05  Overlord x3  
  151  13:31  Roach x9  
  163  14:04  Roach x4  
  163  14:05  Roach x6  
  183  14:12  Drone x4  
  153  15:18  Swarm Host x4  
  153  15:19  Overlord  
  153  15:20  Overlord x13  
Show
View Real Time Build Order
Export as new Build Order

CrazyProtoss Protoss 

Build Orders:  

Get SALT Encoding   

  1  0:00  Probe  
  13  0:07  Probe  
  14  0:17  Probe  
  15  0:35  Pylon  
  15  0:40  Pylon  
  15  0:52  Assimilator  
  15  0:53  Probe  
  16  1:02  Assimilator  
  16  1:05  Probe  
  17  1:12  Gateway  
  17  1:14  Probe  
  18  1:22  Probe  
  18  1:32  Probe  
  19  1:35  Gateway  
  20  1:44  Probe  
  21  1:58  Probe  
  21  2:01  Zealot  
  24  2:07  Probe  
  24  2:15  Probe  
  26  2:23  Zealot, Cybernetics Core  
  26  2:28  Probe  
  29  2:32  Zealot  
  31  2:44  Pylon  
  31  2:52  Pylon  
  31  3:02  Zealot, Probe  
  34  3:12  Warp Gate, Probe  
  34  3:17  Twilight Council  
  35  3:20  Probe  
  36  3:29  Probe  
  36  3:30  Stalker x2  
  41  3:41  Probe  
  42  3:44  Robotics Facility  
  42  3:53  Probe  
  43  4:02  Nexus  
  43  4:03  Probe  
  44  4:11  Probe  
  44  4:16  Pylon  
  45  4:20  Probe  
  45  4:23  Charge  
  46  4:31  Observer  
  46  4:34  Probe  
  46  4:37  Pylon  
  48  4:44  Stalker  
  50  4:46  Probe  
  50  4:50  Stalker  
  53  4:58  Probe  
  53  4:59  Dark Shrine  
  54  5:07  Assimilator  
  54  5:10  Probe  
  54  5:12  Assimilator  
  55  5:28  Probe x2  
  57  5:44  Forge  
  57  5:56  Shield Battery, Pylon  
  57  5:58  Shield Battery  
  57  6:06  Shield Battery  
  57  6:13  Shield Battery  
  57  6:42  Warp Prism  
  59  6:47  Dark Templar  
  59  6:48  Dark Templar  
  63  7:17  Nexus  
  63  7:20  Pylon  
  63  7:22  Pylon  
  62  7:23  Pylon  
  62  7:26  Assimilator  
  62  7:27  Dark Templar x2  
  66  7:30  Assimilator  
  62  8:47  Gateway  
  60  8:49  Gateway  
  60  8:51  Probe x3, Gateway  
  60  8:54  Gateway  
  63  8:56  Gateway  
  63  8:59  Probe x3, Gateway  
  63  9:02  Gateway  
  63  9:08  Probe  
  66  9:12  Warp Prism  
  67  9:50  Dark Templar x2  
  71  9:58  Stalker x3  
  71  9:59  Stalker x3  
  67  10:22  Blink  
  67  10:23  Warp Prism  
  67  10:26  Stalker x2  
  67  10:27  Stalker x4  
  67  10:28  Stalker x2  
  69  10:50  Shield Battery  
  69  10:52  Shield Battery  
  69  10:53  Shield Battery  
  69  10:54  Stalker x3  
  69  10:55  Shield Battery, Stalker x2  
  69  10:56  Zealot x2  
  69  10:57  Zealot  
  83  10:59  Immortal  
  75  11:39  Observer  
  76  11:54  Stalker x2  
  78  11:55  Stalker x3  
  78  11:56  Stalker x3  
  88  12:21  Observer  
  82  12:28  Stalker x2  
  82  12:29  Stalker x3  
  80  12:30  Stalker x3  
  82  12:42  Observer  
  81  13:13  Stalker x3  
  81  13:14  Stalker, Pylon  
  87  13:20  Stalker  
  87  13:21  Stalker x3  
  95  13:30  Observer  
  79  13:55  Stalker x2  
  81  13:56  Stalker x5  
  81  13:57  Stalker  
  95  14:09  Gateway  
  89  14:39  Stalker x2  
  89  14:40  Stalker x2  
  69  15:03  Zealot x2  
  73  15:49  Pylon  
  71  15:52  Stalker, Pylon  
  71  15:56  Pylon  
  72  15:58  Pylon  
  72  16:00  Pylon  
  72  16:02  Pylon  
Show
View Real Time Build Order
Export as new Build Order

Thrash Terran 

Build Orders: Bio Tank 

Get SALT Encoding   

  12  0:01  SCV  
  13  0:20  SCV, Supply Depot  
  14  0:29  Refinery  
  14  0:32  SCV  
  15  0:44  Barracks  
  15  0:47  SCV  
  16  1:00  SCV  
  17  1:12  SCV  
  17  1:17  Supply Depot, Refinery  
  18  1:31  Marine  
  19  1:44  Factory  
  19  1:50  Orbital Command  
  19  1:54  Engineering Bay  
  19  2:07  Bunker  
  19  2:09  Barracks Tech Lab  
  19  2:17  SCV  
  20  2:28  Factory Tech Lab  
  20  2:29  Marine  
  21  2:47  Marine  
  21  2:48  Starport  
  22  2:56  Siege Tank  
  25  2:59  Combat Shields  
  25  3:04  SCV, Marine  
  27  3:10  Supply Depot  
  27  3:17  SCV  
  28  3:22  Marine  
  29  3:29  Starport Reactor  
  29  3:44  SCV  
  29  3:45  Siege Tank  
  33  3:50  Supply Depot  
  33  3:56  SCV  
  34  4:08  SCV  
  35  4:18  Stimpack  
  35  4:33  Missile Turret  
  35  4:34  Missile Turret, SCV  
  35  4:35  Medivac  
  35  4:37  Medivac  
  40  4:46  Siege Tank  
  43  4:58  Command Center  
  43  5:01  Liberator  
  43  5:04  Marine  
  47  5:26  Barracks  
  47  5:35  Marine  
  47  5:36  Viking  
  49  5:43  Missile Turret  
  49  5:57  Missile Turret  
  47  6:37  SCV  
  47  6:39  SCV  
  49  6:44  Barracks Reactor  
  49  6:47  Viking  
  49  6:48  Siege Tank, Viking  
  49  6:49  Marine  
  49  6:51  Missile Turret  
  57  7:07  Marine  
  50  7:58  Bunker  
  36  8:27  Marine x3  
  36  8:29  Siege Tank  
  36  8:31  Medivac x2  
  46  8:37  Orbital Command  
  46  8:42  Missile Turret x2  
  46  8:44  Liberator x2  
  46  8:45  Marine x2  
  46  8:46  SCV  
  49  8:58  SCV, Marine  
  49  9:01  Siege Tank  
  60  9:02  Marine  
  60  9:03  Marine  
  60  9:05  Supply Depot  
  62  9:10  SCV, Supply Depot  
  63  9:20  Marine  
  63  9:22  SCV  
  65  9:28  Supply Depot  
  65  9:44  Marine x3  
  65  9:45  Bunker  
  66  10:02  Marine x2  
  49  10:26  Marine x3  
  49  10:27  Siege Tank  
  55  10:30  Viking x2  
  52  10:43  Liberator x2, Marine  
  52  10:44  Marine x2  
  50  10:59  Siege Tank  
  50  11:01  Marine x2  
  50  11:02  Marine  
  58  11:19  Marine x2  
  58  11:25  Marine  
  61  11:32  Siege Tank  
  60  11:37  Marine x2  
  59  11:42  Marine  
  58  11:55  Marine  
  59  12:03  Marine x2  
  59  12:05  Viking x2  
  65  12:12  Marine  
  66  12:21  Marine  
  63  12:23  Marine  
  63  12:28  Widow Mine  
  60  12:30  Marine  
  61  12:37  SCV  
  61  12:39  Marine  
  61  12:40  Refinery  
  61  12:41  Marine, Refinery  
  64  12:49  SCV  
  64  12:50  Widow Mine  
  67  12:51  Command Center  
  67  13:01  SCV  
  68  13:09  Marine x2  
  68  13:10  Marine  
  71  13:13  Siege Tank  
  71  13:15  Viking x2  
  78  13:27  Marine x3  
  78  13:28  Liberator  
  81  13:38  Barracks  
  81  13:45  Marine x3  
  76  14:03  Marine x3  
  69  14:18  Viking  
  69  14:20  Marine  
  69  14:21  Marine  
  73  14:28  Viking  
  57  14:54  Marine x3  
  57  14:58  Barracks Reactor  
  60  15:11  Marine  
  60  15:12  Siege Tank, Marine x2  
  60  15:13  Viking x2  
  70  15:29  Marine x2  
  70  15:30  Marine  
  71  15:47  Marine  
Tags
 
Add a new tag
Caveats
  • Supply blocks, unpowered buildings, or Contaminate may cause inaccurate times.
  • Supply counts are checked every 10 seconds.